 Dungeon Crawl Stone Soup version bcrawl-1.21.3 (webtiles) character file.

Game seed: 6786846688312565378

10 Flugslaktarn the Sneak (level 2, -1/17 HPs)
             Began as a Skeleton Archaeologist on Mar 30, 2020.
             Slain by a hobgoblin
             ... wielding a +0 club
              (4 damage)
             ... on level 1 of the Dungeon.
             The game lasted 00:00:30 (698 turns).

Flugslaktarn the Sneak (Skeleton Archaeologist)      Turns: 698, Time: 00:00:30

Health: -1/17      AC:  7    Str: 15 (17) XL:     2   Next: 10%
Magic:  0/2        EV:  9    Int: 11 (12) God:
Gold:   54         SH:  6    Dex:  6 (7)  Spells: 1/1 levels left

rFire    . . .     SeeInvis .   a - +0 whip
rCold    + . .     Gourm    .   h - +0 medium shield
rNeg     + + +     Faith    .   b - +1 robe
rPois    ∞         Spirit   +   c - +1 hat
rElec    .         Reflect  .   (no cloak)
rCorr    .         Harm     .   (no gloves)
MR       .....                  g - +2 pair of boots
Stlth    ++........             (no amulet)
HPRegen  0.05/turn              (no ring)
MPRegen  0.08/turn              (no ring)

@: no status effects
A: no food or potions, cold resistance 1, deterioration 1, negative energy
resistance 3, torment resistance, unbreathing, magic shield, sturdy frame 1,
spell healing
a: no special abilities


You were on level 1 of the Dungeon.
You were not hungry.

You visited 1 branch of the dungeon, and saw 1 of its levels.

You collected 54 gold pieces.

Inventory:

Hand Weapons
 a - a +0 whip (weapon)
Armour
 b - a +1 robe (worn)
 c - a +1 hat (worn)
 d - a +1 pair of boots
 g - a +2 pair of boots (worn)
   (You found it on level 1 of the Dungeon)
 h - a +0 medium shield (worn)
   (You found it on level 1 of the Dungeon)
Scrolls
 e - a scroll of magic mapping
 i - a scroll of identify {unknown}
 j - a scroll of remove curse {unknown}
Miscellaneous
 f - a dusty tome


   Skills:
 * Level 2.1 Fighting
 - Level 1.2 Maces & Flails
 + Level 0.0 Armour
 - Level 3.0 Dodging
 - Level 3.6 Stealth
 + Level 0.2 Shields


You had one spell level left.
You didn't know any spells.
Your spell library was empty.

Dungeon Overview and Level Annotations

Branches:
Dungeon (1/12)

Altars:


Innate Abilities, Weirdness & Mutations

You do not eat or drink.
You are immune to poison.
Your flesh is cold resistant. (rC+)
Your body sometimes deteriorates upon taking damage.
You are immune to negative energy. (rN+++)
You are immune to unholy pain and torment.
You can survive without breathing.
When hurt, damage is shared between your health and your magic reserves.
Your movements are slightly less encumbered by armour. (ER -2)
Casting spells heals you.


Message History

The hobgoblin hits you with a +0 club.
* * * LOW HITPOINT WARNING * * *
You are too injured to fight recklessly!
You are too injured to fight recklessly!
The hobgoblin barely misses you.
You are too injured to fight recklessly!
You are too injured to fight recklessly!
You are too injured to fight recklessly!
You are too injured to fight recklessly!
You are too injured to fight recklessly!
You are too injured to fight recklessly!
You are too injured to fight recklessly!
You are too injured to fight recklessly!
You are too injured to fight recklessly!
You are too injured to fight recklessly!
You are too injured to fight recklessly!
You hit the hobgoblin but do no damage.
The hobgoblin is almost dead.
The hobgoblin hits you with a +0 club.
You die...

############ #########
#..........# #........
.....>.....# #........
.......)...###........
......................
.......@.............
#......g......†..# #
#................#######
#..........#............
#....).....#$...........
#..........#............
#..........#............
#......(...##......##+#.
##+##....####.....##.#.


You could see a hobgoblin.

Vanquished Creatures
  A ball python (D:1)
  2 goblins (D:1)
  2 bats (D:1)
  2 frilled lizards (D:1)
  A kobold (D:1)
  4 rats (D:1)
12 creatures vanquished.

Notes
Turn   | Place    | Note
-------+----------+-------------------------------------------
     0 | D:1      | Flugslaktarn the Skeleton Archaeologist began the quest for
                  | the Orb.
     0 | D:1      | Reached XP level 1. HP: 12/12 MP: 1/1
   510 | D:1      | Reached XP level 2. HP: 17/17 MP: 2/2
   698 | D:1      | Slain by a hobgoblin

Skill      XL: |  1 |
---------------+----+-----
Fighting       | 2 |  2.1
Maces & Flails | |  1.2
Dodging        | |  3.0
Stealth        | |  3.6
Shields        | |  0.2

Action                   || total
-------------------------++-------
Melee: Whip              ||    69
 Stab: Sleeping          ||     2
Armor: Robe              ||    24
Dodge: Dodged            ||    35
Block: Medium shield     ||     7
